 Dungeon Crawl Stone Soup version 0.30-a0-141-g30f27751c5 (webtiles) character file.

Game seed: 12082570677783999646

246 qw the Chopper (level 6, -2/38 HPs)
             Began as a Gargoyle Fighter on Sept 25, 2022.
             Slain by an ogre
             ... wielding a +0 giant club
              (23 damage)
             ... on level 3 of the Dungeon.
             The game lasted 00:01:03 (2448 turns).

qw the Chopper (Gargoyle Fighter)                   Turns: 2448, Time: 00:01:03

Health: -2/38      AC: 14    Str: 22    XL:     6   Next: 11%
Magic:  6/6        EV:  9    Int:  8    God:
Gold:   179        SH:  4    Dex:  9    Spells: 5/5 levels left

rFire   + . .      SeeInvis .    Y - +0 war axe
rCold   . . .      Faith    .    c - +0 buckler
rNeg    + . .      Spirit   .    b - +0 scale mail
rPois   inf        Reflect  .    f - +0 helmet
rElec   +          Harm     .    (no cloak)
rCorr   .          Rampage  .    p - +0 pair of gloves
Will    .....                    h - +0 pair of boots
Stlth   ..........               (no amulet)
HPRegen 0.12/turn                n - ring of protection from fire
MPRegen 0.10/turn                (no ring)

@: no status effects
A: sickness immunity, AC +4, negative energy resistance 1, electricity
resistance, torment resistance 1, petrification resistance
a: no special abilities


You were on level 3 of the Dungeon.
You visited 1 branch of the dungeon, and saw 4 of its levels.

You collected 179 gold pieces.


Innate Abilities, Weirdness & Mutations

You are immune to sickness and miasma.
Your stone body is resilient. (AC +4)
You are immune to poison.
You resist negative energy. (rN+)
You are resistant to electric shocks. (rElec)
You are resistant to unholy torment.
You are immune to petrification.


   Skills:
 + Level 3.8 Fighting
 - Level 5.4 Axes
 - Level 3.2 Armour
 - Level 3.2 Shields


You had 5 spell levels left.
You didn't know any spells.
Your spell library was empty.

Inventory:

Hand Weapons
 a - a +0 whip
 Y - a +0 war axe (weapon)
Armour
 b - a +0 scale mail (worn)
 c - a +0 buckler (worn)
 f - a +0 helmet (worn)
 h - a +0 pair of boots (worn)
 p - a +0 pair of gloves (worn)
Jewellery
 n - a ring of protection from fire (left hand)
Scrolls
 e - a scroll of teleportation
 g - a scroll of identify
Potions
 d - a potion of might
 i - 2 potions of curing
 j - a potion of haste
 k - a potion of lignification
 l - a potion of cancellation {unknown}
 m - a potion of mutation {unknown}

Dungeon Overview and Level Annotations

Branches:
Dungeon (4/15)
 Temple: D:4-7

Altars:
Xom
The Shining One

Annotations:
D:2 1 runed translucent door, Crazy Yiuf


Message History

As you read the scroll of identify, it crumbles to dust.
j - a potion of haste;
2416 ||| IDENTIFYING lumpy puce potion Done exploring.
(D) Dungeon
Where to? (* - list waypoints, Enter - D:3, ? - help)
What level of the Dungeon? (default 1, ? - help)
There is a stone staircase leading down here.
You climb downwards.
The ogre shouts!
The adder hisses angrily.
The ball python hisses angrily.
Found a cloak and 13 gold pieces.
Found a stone staircase leading down.
There is a stone staircase leading up here.
There are monsters nearby!
Existing waypoints: (1) D:2 (2) D:3 Assign waypoint to what number? (0-9, D - delete waypoint) Waypoint 1 re-assigned from D:2 to D:4.
Enter note:
2440 ||| STAIRDANCE The ogre barely misses you.
You climb upwards.
There is a stone staircase leading down here.
You barely miss the ogre. You completely miss the ogre.
The ogre hits you but does no damage.
You hit the ogre.
The ogre is lightly wounded.
The ogre barely misses you.
You closely miss the ogre.
The ogre is lightly wounded.
The ogre hits you with a +0 giant club!
You slash the ogre!
The ogre is severely wounded.
The ogre barely misses you.
You hit the ogre.
The ogre is severely wounded.
You barely miss the ogre.
The ogre is severely wounded.
The ogre hits you with a +0 giant club!!
Ouch! That really hurt!
You die...

#.##..# #....#.#.###.#
#.# #.##..#
#............# #..
......# #..#.#.#.#####
###### ####.##
#..#.....#######.## #
#.#
#..###..........#.###
#.# #..#
###########..... #.#
#..# ###### ##
#.########..#######
.###....##......@....#
...........#####O###.#
.######.##.# #.# #.#
## #....# #.# #.#
##########.# #.# #.#
#####
...........#####.#
#.########....
.#########.......#
#..........### .#
######### ############
##


You could see an ogre.

Vanquished Creatures
  A black bear (D:3)
  Jessica (D:2)
  Robin (D:2)
  3 adders
  4 worms
  3 dart slugs
  An orc (D:3)
  7 endoplasms
  3 giant cockroaches
  12 goblins
  8 hobgoblins
  8 kobolds
  2 ball pythons
  6 bats
  6 frilled lizards
  7 rats
73 creatures vanquished.

Notes
Turn   | Place    | Note
-------+----------+-------------------------------------------
     0 | D:1      | qw the Gargoyle Fighter began the quest for the Orb.
     0 | D:1      | Reached XP level 1. HP: 14/14 MP: 1/1
     0 | D:1      | 0 ||| qw: Version: 0.2-a-10-g399e6c4
     0 | D:1      | 0 ||| qw: Game counter: 290
     0 | D:1      | 0 ||| qw: Always use a shield: true
     0 | D:1      | 0 ||| qw: God list: Okawaru
     0 | D:1      | 0 ||| qw: Allow faded altars: false
     0 | D:1      | 0 ||| qw: Do Orc after D:15 true
     0 | D:1      | 0 ||| qw: Do second Lair branch before Depths: true
     0 | D:1      | 0 ||| qw: Lair rune preference: random
     0 | D:1      | 0 ||| qw: Plans: Normal, Zot:1-4, God:TSO, Crypt, Tomb,
                  | Pan, Slime:5, Hells, Abyss, Orb
     0 | D:1      | 0 ||| PLANNING D:1-11
    59 | D:1      | Reached skill level 2 in Axes
    83 | D:1      | 83 ||| Stepping ~*~*~tactically~*~*~ (stealth).
    90 | D:1      | Reached XP level 2. HP: 19/19 MP: 2/2
   670 | D:1      | 670 ||| UPGRADING to +0 helmet.
   675 | D:1      | 675 ||| UPGRADING to +0 pair of boots.
   680 | D:1      | 680 ||| DROPPING ring of wizardry.
   681 | D:1      | 681 ||| READING scroll labelled LEMIUM PEMM.
   682 | D:1      | 682 ||| READING scroll labelled KIMMIAPTUO.
   702 | D:2      | 702 ||| STAIRDANCE
   708 | D:2      | 708 ||| STAIRDANCE
   714 | D:1      | Reached skill level 3 in Axes
   716 | D:2      | 716 ||| STAIRDANCE
   721 | D:2      | Reached XP level 3. HP: 21/23 MP: 3/3
   721 | D:2      | 721 ||| STAIRDANCE
   737 | D:2      | 737 ||| STAIRDANCE
   755 | D:2      | 755 ||| DROPPING +0 club.
   840 | D:2      | 840 ||| FLEEEEING.
   911 | D:2      | 911 ||| Stepping ~*~*~tactically~*~*~ (stealth).
   936 | D:2      | Noticed Robin
   937 | D:2      | 937 ||| Stepping ~*~*~tactically~*~*~ (hiding).
   948 | D:2      | Reached XP level 4. HP: 27/28 MP: 4/4
   948 | D:2      | Killed Robin
   949 | D:2      | Reached skill level 4 in Axes
   971 | D:2      | Found a runed translucent door.
   972 | D:2      | Noticed Crazy Yiuf
  1017 | D:2      | Noticed Jessica
  1018 | D:2      | 1018 ||| Stepping ~*~*~tactically~*~*~ (hiding).
  1021 | D:2      | Killed Jessica
  1348 | D:2      | 1348 ||| UPGRADING to +0 pair of gloves.
  1353 | D:2      | 1353 ||| UPGRADING to ring of protection from fire.
  1354 | D:2      | 1354 ||| READING 2 scrolls labelled VIKLAF CAMOCOQ.
  1387 | D:2      | 1387 ||| READING scroll labelled AJEDGH QISU.
  1388 | D:2      | 1388 ||| READING scroll labelled WUDWOS JIUS.
  1389 | D:2      | 1389 ||| READING scroll labelled AREOMA ILEYGUWN.
  1390 | D:2      | 1390 ||| DRINKING 2 murky purple potions.
  1487 | D:3      | 1487 ||| Stepping ~*~*~tactically~*~*~ (stealth).
  1494 | D:3      | Reached XP level 5. HP: 32/32 MP: 5/5
  1606 | D:3      | Noticed a black bear
  1615 | D:3      | Killed a black bear
  1616 | D:3      | Reached skill level 5 in Axes
  1694 | D:3      | Found a shimmering altar of Xom.
  1697 | D:3      | Found a glowing golden altar of the Shining One.
  1746 | D:3      | 1746 ||| Stepping ~*~*~tactically~*~*~ (hiding).
  1747 | D:3      | 1747 ||| Stepping ~*~*~tactically~*~*~ (hiding).
  1748 | D:3      | 1748 ||| Stepping ~*~*~tactically~*~*~ (hiding).
  1798 | D:3      | 1798 ||| Stepping ~*~*~tactically~*~*~ (stealth).
  1800 | D:3      | 1800 ||| Stepping ~*~*~tactically~*~*~ (hiding).
  1809 | D:3      | Reached XP level 6. HP: 36/37 MP: 6/6
  1981 | D:3      | 1981 ||| Stepping ~*~*~tactically~*~*~ (stealth).
  2023 | D:3      | 2023 ||| Stepping ~*~*~tactically~*~*~ (hiding).
  2413 | D:3      | 2413 ||| READING scroll labelled HEIRHO RUHOE.
  2414 | D:3      | 2414 ||| READING scroll labelled VEPHUTWIOB.
  2415 | D:3      | 2415 ||| DRINKING 3 cyan potions.
  2416 | D:3      | 2416 ||| READING 2 scrolls of identify.
  2416 | D:3      | 2416 ||| IDENTIFYING lumpy puce potion
  2440 | D:4      | 2440 ||| STAIRDANCE
  2448 | D:3      | Slain by an ogre

Levels and vault maps discovered:
D:1:      amcnicky_arrival_underground_garden, layout_basic, interstate_on_off,
          minmay_hexomino_p4
D:2:      layout_rooms, uniq_crazy_yiuf_cottage, uniq_jessica, uniq_robin
D:3:      layout_loops_ring, minitemple
D:4:      layout_cave_pools, minmay_temple_entry_stoned_glass

Skill      XL: |  1  2  3  4  5 |
---------------+----------------+-----
Axes           | 2 3 4 5 |  5.4
Fighting       | |  3.8
Armour         | |  3.2
Shields        | |  3.2

Action                   |  1- 3 |  4- 6 || total
-------------------------+-------+-------++-------
Melee: War axe           |    98 |    89 ||   187
Throw: Boomerang         |     3 |       ||     3
  Use: Scroll            |     2 |     7 ||     9
       Potion            |       |     2 ||     2
Armor: Scale mail        |    56 |    44 ||   100
Dodge: Dodged            |    51 |    30 ||    81
Block: Buckler           |    18 |    13 ||    31

Table legend:
 A = Non-vault XP
 B = Vault XP
 C = Vault XP percentage of total XP
 D = Non-vault monster count
 E = Vault monster count
 F = Vault count percentage of total count
                 A         B        C        D         E       F
            +---------+---------+-------+---------+---------+-------
      Total |     274 |      78 |  22.2 |      58 |      15 |  20.5
            +---------+---------+-------+---------+---------+-------
        D:1 |      29 |       6 |  17.1 |      19 |       3 |  13.6
        D:2 |      44 |      72 |  62.1 |      19 |      12 |  38.7
        D:3 |     201 |       0 |   0.0 |      20 |       0 |   0.0
            +---------+---------+-------+---------+---------+-------
